 Dungeon Crawl Stone Soup version 0.28.0-53-g5a82cb258f (webtiles) character file.

Game seed: 12063596711555103561

44 cbfl8 the Skirmisher (level 3, 0/29 HPs)
             Began as a Demonspawn Berserker on July 19, 2022.
             Was a Follower of Trog.
             Slain by a worm (4 damage)
             ... on level 2 of the Dungeon.
             The game lasted 00:02:27 (1650 turns).

cbfl8 the Skirmisher (Demonspawn Berserker)         Turns: 1650, Time: 00:02:28

Health: 0/29       AC:  5    Str: 19    XL:     3   Next: 39%
Magic:  3/3        EV: 11    Int:  8    God:    Trog [*.....]
Gold:   43         SH:  0    Dex: 12    Spells: 2/2 levels left

rFire   . . .      SeeInvis .   a - +0 hand axe
rCold   . . .      Faith    .   (no shield)
rNeg    . . .      Spirit   .   f - +0 ring mail
rPois   .          Reflect  .   (no helmet)
rElec   .          Harm     .   (no cloak)
rCorr   .          Rampage  .   (no gloves)
Will    +....                   (no boots)
Stlth   +.........              (no amulet)
HPRegen 0.09/turn               e - ring of willpower
MPRegen 0.08/turn               (no ring)

@: no status effects
A: claws 1, demonic magic 1
a: Renounce Religion, Berserk


You were on level 2 of the Dungeon.
You worshipped Trog.
Trog was aware of your devotion.
You visited 1 branch of the dungeon, and saw 2 of its levels.

You collected 43 gold pieces.

Inventory:

Hand Weapons
 a - a +0 hand axe (weapon)
Armour
 b - a +0 animal skin
 f - a +0 ring mail (worn)
Jewellery
 e - a ring of willpower (left claw)
Scrolls
 c - a scroll of torment {unknown}
 g - a scroll of identify {unknown}
 h - a scroll of fog {unknown}
Potions
 d - 3 potions of curing {unknown}
 i - a potion of mutation {unknown}


   Skills:
 + Level 3.5 Fighting
 + Level 3.2 Axes
 + Level 2.0 Armour
 + Level 2.1 Dodging
 + Level 0.1 Stealth


You had 2 spell levels left.
You didn't know any spells.
Your spell library was empty.

Dungeon Overview and Level Annotations

Branches:
Dungeon (2/15)

Altars:
Hepliaklqana


Innate Abilities, Weirdness & Mutations

You have sharp fingernails.
Spells you cast may paralyse adjacent enemies.


Message History

Jessica barely misses you.
You hit Jessica.
You kill Jessica!
Trog accepts your kill.
Trog appreciates your killing of a magic user.
Your Axes skill increases to level 3!
Your Armour skill increases to level 2!
You have reached level 3!
Your experience leads to an increase in your attributes!
Increase (S)trength, (I)ntelligence, or (D)exterity?
You feel stronger. x2
You feel monstrous as your demonic heritage exerts itself.
Your demonic ancestry asserts itself...
Your fingernails lengthen.
The worm bites you!
You hit the worm.
The worm is lightly wounded.
The worm bites you but does no damage.
You barely miss the worm. You hit the worm but do no damage.
The worm bites you but does no damage.
You slash the worm! Your claw misses the worm.
The worm is moderately wounded.
The worm bites you.
You hit the worm.
The worm is moderately wounded.
You barely miss the worm.
The worm is moderately wounded.
The worm barely misses you.
You hit the worm.
The worm is severely wounded.
The worm barely misses you.
You barely miss the worm.
The worm is severely wounded.
You hit the worm.
The worm is severely wounded.
The worm bites you.
* * * LOW HITPOINT WARNING * * *
You hit the worm.
The worm is almost dead.
The worm bites you.
You die...

### ### #.. .. #.# ######
#.# #..... ##.## #.# #.
..##########...#####.###.
......).@w...............
.≈≈≈.#######....####.###.
.≈( ##...# #...##. .
..w........##.
#..............
#.......####### ###....##
.....#


You could see a worm.

Vanquished Creatures
  Jessica (D:2)
  2 giant cockroaches (D:1)
  2 goblins (D:1)
  A hobgoblin (D:1)
  A quokka (D:1)
  5 ball pythons (D:1)
  A bat (D:1)
  5 rats (D:1)
18 creatures vanquished.

Notes
Turn   | Place    | Note
-------+----------+-------------------------------------------
     0 | D:1      | cbfl8 the Demonspawn Berserker began the quest for the Orb.
     0 | D:1      | Reached XP level 1. HP: 18/18 MP: 1/1
   599 | D:1      | Gained mutation: Spells you cast may paralyse adjacent
                  | enemies. [demonic ancestry]
   599 | D:1      | Reached XP level 2. HP: 24/24 MP: 2/2
  1206 | D:1      | Found a faded altar of an unknown god.
  1572 | D:2      | Found a hazy altar of Hepliaklqana.
  1630 | D:2      | Noticed Jessica
  1639 | D:2      | Killed Jessica
  1640 | D:2      | Discovered your monstrous ancestry.
  1640 | D:2      | Gained mutation: You have sharp fingernails. [demonic
                  | ancestry]
  1640 | D:2      | Reached XP level 3. HP: 21/29 MP: 3/3
  1650 | D:2      | Slain by a worm

Illustrated notes

Levels and vault maps discovered:
D:1:      evilmike_arrival_rings, layout_basic,
          dreamdust_ecumenical_altar_angels_and_demons
D:2:      layout_loops_ring, basic_altar, minmay_misc_feat_columns,
          corexii_item_surrounded_by_moat, minivault_5, minmay_pentomino_s2,
          uniq_jessica

Skill      XL: |  1  2 |
---------------+-------+-----
Dodging        | 2 |  2.1
Axes           | 3 |  3.2
Armour         | 2 |  2.0
Fighting       | |  3.5
Stealth        | |  0.1

Action                   || total
-------------------------++-------
Melee: Hand axe          ||    56
       Punch             ||     1
Armor: Animal skin       ||     3
       Ring mail         ||    10
Dodge: Dodged            ||    55
